 Dungeon Crawl Stone Soup version 0.20.1-1-g8b1a95d (webtiles) character file.

128 equalderp2856 the Skirmisher (level 4, -1/35 HPs)
             Began as a Mummy Fighter on Oct 27, 2017.
             Killed by divine providence
             ... invoked by an orc priest
              (9 damage)
             ... on level 3 of the Dungeon.
             The game lasted 00:03:29 (2107 turns).

equalderp2856 the Skirmisher (Mummy Fighter)        Turns: 2107, Time: 00:03:29

Health: -1/35      AC:  7    Str: 19    XL:     4   Next: 86%
Magic:  5/5        EV:  7    Int:  8    God:
Gold:   62         SH:  9    Dex: 11    Spells: 4/4 levels left

rFire    x . .     SeeInvis .   a - +0 war axe
rCold    + . .     Gourm    .   c - +0 shield
rNeg     + + +     Faith    .   b - +0 scale mail
rPois    ∞         Spirit   .   l - +0 helmet
rElec    .         Reflect  .   (no cloak)
rCorr    .         Harm     .   (no gloves)
MR       .....                  (no boots)
Stlth    ..........             (no amulet)
Regen    0.2/turn               (no ring)
MPRegen  0.1/turn               (no ring)

@: no status effects
A: no food or potions, fire vulnerability, cold resistance 1, negative energy
resistance 3, torment resistance, unbreathing
a: no special abilities


You were on level 3 of the Dungeon.
You were not hungry.

You visited 1 branch of the dungeon, and saw 3 of its levels.

You collected 62 gold pieces.

Inventory:

Hand Weapons
 a - a +0 war axe (weapon)
 n - a +0 broad axe
Armour
 b - a +0 scale mail (worn)
 c - a +0 shield (worn)
 l - a +0 helmet (worn)
Wands
 m - a wand of flame (22/48)
Scrolls
 d - a scroll of enchant armour {unknown}
 e - 5 scrolls of identify {unknown}
 f - 3 scrolls of teleportation {unknown}
 g - 2 scrolls of immolation {unknown}
 h - a scroll of amnesia {unknown}
 i - 2 scrolls of remove curse {unknown}
 j - a scroll of fear {unknown}
 k - 2 scrolls of fog {unknown}
 o - a scroll of enchant weapon {unknown}


   Skills:
 + Level 3.4 Fighting
 * Level 2.9 Axes
 + Level 2.8 Armour
 + Level 0.7 Dodging
 + Level 2.9 Shields
 * Level 0.8 Spellcasting


You had 4 spell levels left.
You didn't know any spells.

Dungeon Overview and Level Annotations

Branches:
Dungeon (3/15)

Altars:
Dithmenos
Qazlal


Innate Abilities, Weirdness & Mutations

You do not eat or drink.
Your flesh is vulnerable to fire.
You are immune to poison.
Your flesh is cold resistant. (rC+)
You are immune to negative energy. (rN+++)
You are immune to unholy pain and torment.
You can survive without breathing.


Message History

You are too injured to fight recklessly!
You are too injured to fight recklessly!
You are too injured to fight recklessly!
You are too injured to fight recklessly!
You are too injured to fight recklessly!
You are too injured to fight recklessly!
You are too injured to fight recklessly!
You are too injured to fight recklessly!
You are too injured to fight recklessly!
You are too injured to fight recklessly!
You are too injured to fight recklessly!
You are too injured to fight recklessly!
You are too injured to fight recklessly!
You are too injured to fight recklessly!
Unknown command.
You see here a worker ant corpse.
Found 2 large rocks.
The orc priest invokes the aid of Beogh against you.
Beogh smites you!
You die...

#...†..##..######
##.###o..........
#.# ####..#####
#.######..#
#........o#
#.........#
################o#
......†# #.#
######.# #@#
###.##.#########.#
##.............#.##
###.##.#######....##
# #.##.#
#.....##############
###.##.#
#....[.............#
.......#
#....#######........
###.#### ###.##
#..##.#.. #.# #.#
#..##.#..


You could see an orc priest and an orc.

Vanquished Creatures
  A worker ant (D:3)
  2 oozes (D:1)
  A worm (D:2)
  2 dart slugs (D:1)
  4 leopard geckos
  5 orcs (D:3)
  A giant cockroach (D:2)
  8 goblins
  8 hobgoblins
  12 jackals
  4 kobolds
  2 quokkas (D:2)
  12 bats
  4 frilled lizards
  7 rats
73 creatures vanquished.

Notes
Turn   | Place    | Note
-------+----------+-------------------------------------------
     0 | D:1      | equalderp2856 the Mummy Fighter began the quest for the Orb.
     0 | D:1      | Reached XP level 1. HP: 18/18 MP: 1/1
    53 | D:1      | Reached XP level 2. HP: 20/24 MP: 2/2
   278 | D:1      | Reached XP level 3. HP: 28/29 MP: 3/3
   405 | D:2      | Found a shadowy altar of Dithmenos.
  1284 | D:2      | Reached XP level 4. HP: 24/35 MP: 4/4
  1520 | D:3      | Found a stormy altar of Qazlal.
  2107 | D:3      | Killed from afar by an orc priest

Skill      XL: |  1  2 |
---------------+-------+-----
Axes           | 2 |  2.9
Fighting       | |  3.4
Armour         | |  2.8
Dodging        | |  0.7
Shields        | |  2.9
Spellcasting   | |  0.8

Action                   |  1- 3 |  4- 6 || total
-------------------------+-------+-------++-------
Melee: War axe           |   136 |    87 ||   223
Armor: Scale mail        |    91 |    47 ||   138
Dodge: Dodged            |    81 |    33 ||   114
Block: Shield            |    77 |    56 ||   133
